 Dungeon Crawl Stone Soup version 0.25.1-2-g60ff931df9 (webtiles) character file.

Game seed: 16411863486238172053

41 Anlio the Skirmisher (level 3, 0/37 HPs)
             Began as a Troll Abyssal Knight on Oct 29, 2020.
             Was a Believer of Lugonu.
             Slain by an adder (2 damage)
             ... on level 2 of the Dungeon.
             The game lasted 00:04:06 (755 turns).

Anlio the Skirmisher (Troll Abyssal Knight)          Turns: 755, Time: 00:04:07

Health: 0/37       AC:  6    Str: 21    XL:     3   Next: 32%
Magic:  3/3        EV: 10    Int:  8    God:    Lugonu [**....]
Gold:   80         SH:  0    Dex:  9    Spells: 2/2 levels left

rFire    . . .     SeeInvis .     - Unarmed
rCold    . . .     Gourm    +   (no shield)
rNeg     . . .     Faith    .   a - +0 robe
rPois    .         Spirit   .   (helmet restricted)
rElec    .         Reflect  .   (no cloak)
rCorr    .         Harm     .   (gloves unavailable)
MR       .....                  (boots unavailable)
Stlth    +.........             e - amulet of regeneration
HPRegen  0.92/turn              (no ring)
MPRegen  0.08/turn              (no ring)

@: lethally poisoned (0 -> 0)
A: large, unfitting armour, claws 3, fast metabolism 3, gourmand, regeneration
1, shaggy fur 1, tough skin 3
a: Depart the Abyss, Bend Space, Renounce Religion


You were on level 2 of the Dungeon.
You worshipped Lugonu.
Lugonu was pleased with you.
You were very full.

You visited 1 branch of the dungeon, and saw 2 of its levels.
You visited the Abyss 1 time.

You collected 80 gold pieces.

Inventory:

Armour
 a - a +0 robe (worn)
Jewellery
 e - an amulet of regeneration (around neck)
Scrolls
 c - 2 scrolls of remove curse
 h - a scroll of identify
Potions
 d - 2 potions of flight
 f - 2 potions of lignification {unknown}
 i - a potion of resistance {unknown}
Comestibles
 b - 4 rations
 g - 2 chunks of flesh


   Skills:
 + Level 3.1 Fighting
 + Level 2.1 Dodging
 + Level 2.4 Unarmed Combat
 + Level 1.8 Invocations


You had 2 spell levels left.
You didn't know any spells.
Your spell library was empty.

Dungeon Overview and Level Annotations

Branches:
Dungeon (2/15)

Altars:


Innate Abilities, Weirdness & Mutations

You are too large for most types of armour.
You have claws for hands.
Your metabolism is lightning-fast.
You like to eat raw meat.
Your natural rate of healing is unusually fast.
You are covered in fur. (AC +1)
You have extremely tough skin. (AC +3)


Message History

You feel sick. The adder bites you.
* * * LOW HITPOINT WARNING * * *
You feel sick. The adder closely misses you. The adder barely misses you.
The adder barely misses you.
You feel sick. The adder bites you.
* * * LOW HITPOINT WARNING * * *
You are more poisoned.
The adder poisons you!
You feel sick. The adder barely misses you.
You feel sick. The adder bites you but does no damage. The adder bites you.
* * * LOW HITPOINT WARNING * * *
You feel sick. The adder closely misses you.
You feel sick. The adder barely misses you. The adder barely misses you.
The adder bites you.
* * * LOW HITPOINT WARNING * * *
You feel sick. The adder barely misses you.
You feel sick. The adder bites you but does no damage.
The adder bites you but does no damage. x2
You feel sick. The adder bites you.
You die...

#.# #.# #.#
#.# #####
##.## #.#
#...###<..#
#.#
#...).....#
#.#
#...###...#
#s# ##.##
##### #S#
#.# #@# #.#
#.# #.# #.#
#.# #.# #.#
#.# #.# #.#
#.#
#.#######.#
#.........#
###########


You could see an adder and a giant cockroach.

Vanquished Creatures
  2 dart slugs (D:1)
  A ball python (D:1)
  2 bats (D:1)
  2 giant cockroaches (D:1)
  5 goblins (D:1)
  3 hobgoblins
  5 jackals (D:1)
  4 kobolds (D:1)
  6 frilled lizards (D:1)
  2 rats (D:1)
32 creatures vanquished.

Notes
Turn   | Place    | Note
-------+----------+-------------------------------------------
     0 | Abyss:1  | Anlio the Troll Abyssal Knight began the quest for the Orb.
     0 | Abyss:1  | Reached XP level 1. HP: 22/22 MP: 1/1
    17 | Abyss:1  | Found a sacrificial altar of Ru.
    37 | D:1      | Escaped the Abyss
   120 | D:1      | Reached XP level 2. HP: 29/29 MP: 2/2
   274 | D:1      | Reached ** piety under Lugonu
   304 | D:1      | Reached skill level 3 in Fighting
   327 | D:1      | Reached XP level 3. HP: 37/37 MP: 3/3
   755 | D:2      | Slain by an adder

Illustrated notes

Levels and vault maps discovered:
D:1:      minmay_arrival_five_plusses, layout_basic, grunt_decor_one_mirror
D:2:      layout_loops_ring, nemelex_xobeh_ov_fountains_minmay, minmay_between

Skill      XL: |  1  2 |
---------------+-------+-----
Dodging        | 2 |  2.1
Fighting       | 3 |  3.1
Unarmed Combat | |  2.4
Invocations    | |  1.8

Action                   || total
-------------------------++-------
Melee: Unarmed           ||    76
  Use: Scroll            ||     3
  Eat: Chunk             ||    11
Armor: Robe              ||   136
Dodge: Dodged            ||   185
